 Dungeon Crawl Stone Soup version 0.25-a0-544-gee0576305d (webtiles) character file.

Game seed: 2501157329208183466, levelgen mode: deterministic

480 kae the Cudgeler (level 6, -7/51 HPs)
             Began as a Demonspawn Fighter on Feb 20, 2020.
             Mangled by an ogre
             ... wielding a +0 giant spiked club
              (30 damage)
             ... on level 4 of the Dungeon.
             The game lasted 00:03:21 (3386 turns).

kae the Cudgeler (Demonspawn Fighter)               Turns: 3386, Time: 00:03:22

Health: -7/51      AC:  6    Str: 16    XL:     6   Next: 86%
Magic:  6/6        EV:  6    Int:  9    God:
Gold:   134        SH: 11    Dex: 15    Spells: 5/5 levels left

rFire    . . .     SeeInvis .   a - +0 flail
rCold    . . .     Gourm    .   c - +0 kite shield
rNeg     . . .     Faith    .   b - +0 scale mail
rPois    .         Spirit   .   (no helmet)
rElec    .         Reflect  +   (no cloak)
rCorr    .         Harm     .   (no gloves)
MR       .....                  (no boots)
Stlth    ..........             m - +2 amulet of reflection
HPRegen  0.17/turn              (no ring)
MPRegen  0.10/turn              (no ring)

@: no status effects
A: hooves 1, spiny 1, rot immunity
a: no special abilities


You were on level 4 of the Dungeon.
You were not hungry.

You visited 1 branch of the dungeon, and saw 4 of its levels.

You collected 134 gold pieces.

Inventory:

Hand Weapons
 a - a +0 flail (weapon)
Armour
 b - a +0 scale mail (worn)
 c - a +0 kite shield (worn)
Jewellery
 e - a +2 ring of intelligence
 m - a +2 amulet of reflection (around neck)
Wands
 n - a wand of random effects (4)
 p - a wand of paralysis (7)
Scrolls
 g - 2 scrolls of teleportation
 i - 2 scrolls of identify
 j - 2 scrolls of amnesia
 l - 2 scrolls of remove curse
 q - a scroll of immolation {unknown}
Potions
 d - a potion of might
 h - a potion of ambrosia
 k - a potion of haste
 o - a potion of stabbing {unknown}
Comestibles
 f - 6 rations


   Skills:
 + Level 5.1 Fighting
 - Level 5.1 Maces & Flails
 - Level 2.6 Armour
 - Level 2.6 Shields
 * Level 2.1 Unarmed Combat


You had 5 spell levels left.
You didn't know any spells.
Your spell library contained the following spells:

 Spells                   Type           Power        Failure   Level  Hunger
 Confusing Touch          Hex            #.......     100%        3    ####...
 Gell's Gravitas          Tloc           #.........   100%        3    ####...
 Petrify                  Tmut/Erth      #.......     100%        4    #####..
 Metabolic Englaciation   Hex/Ice        #.........   100%        5    ######.
 Yara's Violent Unravell  Hex/Tmut       #.........   100%        5    ######.


Dungeon Overview and Level Annotations

Branches:
Dungeon (4/15)
 Temple: D:4-7

Altars:
Yredelemnul

Annotations:
D:3 3 runed translucent doors, kae's ghost, amateur DsGl


Innate Abilities, Weirdness & Mutations

You have large cloven feet.
You are partially covered in sharp spines.
You are immune to rotting.


Message History

The ogre shouts!
What are your orders? t - Shout!
Orders for allies: a - Attack new target. r - Retreat! s - Stop attacking. g - Guard the area. f - Follow me.
Anything else - Cancel.
You shout for attention!
Items here: ( )) [[ a +0 dagger; 5 boomerangs; a +0 scale mail; a +0 dagger of venom; a +0 robe
There is a stone staircase leading up here.
You sock the ogre! You kick the ogre.
The ogre is moderately wounded.
The ogre hits you with a +0 giant spiked club!!
Ouch! That really hurt!
You hit the ogre.
The ogre is heavily wounded.
The ogre hits you with a +0 giant spiked club!!
Ouch! That really hurt!
You die...

##### ## ##@..# .#
#.O..# ..##
##...##....#
#).##......
###..#..#...... ...
#...(........ .#
... ##...........
..... #............
#.#..
##.....###....#.#..


You could see an ogre.

Vanquished Creatures
  Sigmund (D:2)
  A phantom (D:2)
  2 orc wizards
  Robin (D:2)
  6 adders
  An ooze (D:1)
  A worm (D:2)
  3 dart slugs
  7 leopard geckos
  8 orcs
  6 giant cockroaches
  17 goblins
  11 hobgoblins
  3 jackals (D:2)
  7 kobolds
  2 quokkas (D:3)
  2 ball pythons
  6 bats
  4 frilled lizards
  9 rats
98 creatures vanquished.

Notes
Turn   | Place    | Note
-------+----------+-------------------------------------------
     0 | D:1      | kae the Demonspawn Fighter began the quest for the Orb.
     0 | D:1      | Reached XP level 1. HP: 18/18 MP: 1/1
    88 | D:1      | Gained mutation: You are partially covered in sharp spines.
                  | [demonic ancestry]
    88 | D:1      | Reached XP level 2. HP: 16/24 MP: 2/2
   388 | D:1      | Gained mutation: You are immune to rotting. [demonic
                  | ancestry]
   388 | D:1      | Reached XP level 3. HP: 29/29 MP: 3/3
  1212 | D:2      | Noticed a phantom
  1230 | D:2      | Reached XP level 4. HP: 13/37 MP: 4/4
  1289 | D:2      | Killed a phantom
  1289 | D:2      | Gained mutation: You have large cloven feet. [demonic
                  | ancestry]
  1289 | D:2      | Reached XP level 5. HP: 16/42 MP: 5/5
  1536 | D:2      | Noticed Sigmund
  1549 | D:2      | Killed Sigmund
  1549 | D:2      | Reached skill level 5 in Maces & Flails
  1549 | D:2      | Reached XP level 6. HP: 13/49 MP: 6/6
  1821 | D:2      | Noticed Robin
  1840 | D:2      | Killed Robin
  2450 | D:3      | Found a runed translucent gate.
  2450 | D:3      | Found a runed translucent gate.
  2450 | D:3      | Found a runed translucent gate.
  2454 | D:3      | Noticed kae's ghost (amateur DsGl)
  2549 | D:3      | Reached skill level 1 in Unarmed Combat
  2682 | D:3      | Found a basalt altar of Yredelemnul.
  2807 | D:3      | Reached skill level 5 in Fighting
  3386 | D:4      | Mangled by an ogre

Levels and vault maps discovered:
D:1:      lemuel_arrival_broad_hall, layout_basic
D:2:      layout_basic, uniq_robin, uniq_crazy_yiuf_cottage, uniq_sigmund
D:3:      layout_loops_ring, lemuel_coloured_pillars_altar,
          gammafunk_ghost_split
D:4:      layout_cave_pools, kennysheep_mini_moat,
          minmay_temple_entry_stoned_glass, uniq_blork_the_orc

Skill      XL: |  1  2  3  4  5  6 |
---------------+-------------------+-----
Maces & Flails | 2 3 4 5 |  5.1
Fighting       | 4 5 |  5.1
Unarmed Combat | 2 |  2.1
Armour         | |  2.6
Shields        | |  2.6

Action                   |  1- 3 |  4- 6 || total
-------------------------+-------+-------++-------
Melee: Flail             |    95 |   125 ||   220
       Kick              |       |    35 ||    35
  Use: Potion            |       |     5 ||     5
       Scroll            |       |     6 ||     6
  Eat: Chunk             |       |     8 ||     8
Armor: Scale mail        |    38 |    26 ||    64
Dodge: Dodged            |    31 |    22 ||    53
Block: Kite shield       |    52 |    64 ||   116
       Reflection        |     2 |     2 ||     4

Table legend:
 A = Non-vault XP
 B = Vault XP
 C = Vault XP percentage of total XP
 D = Non-vault monster count
 E = Vault monster count
 F = Vault count percentage of total count
                 A         B        C        D         E       F
            +---------+---------+-------+---------+---------+-------
      Total |     450 |     237 |  34.5 |      87 |      11 |  11.2
            +---------+---------+-------+---------+---------+-------
        D:1 |      64 |       0 |   0.0 |      33 |       0 |   0.0
        D:2 |     178 |     237 |  57.1 |      23 |      11 |  32.4
        D:3 |     160 |       0 |   0.0 |      28 |       0 |   0.0
        D:4 |      48 |       0 |   0.0 |       3 |       0 |   0.0
            +---------+---------+-------+---------+---------+-------
